Map: Prion Terraces

Players

Probe

  • Race: Protoss Protoss

PartinG - Winner!

  • Race: Protoss Protoss

Event: DreamHack ROCCAT LotV Championship

VOD

Have the link to the VOD?

Description

Time

  • Played on: Nov. 26, 2015, 5:37 a.m.
  • Length: 6:32

All games in this series

Show
View Real Time Build Order
Export as new Build Order

Probe Protoss 

Build Orders: Oracle Opening 

Get SALT Encoding   

  12  0:08  Pylon  
  13  0:14  Probe (Chrono Boost)  
  13  0:27  Gateway  
  13  0:32  Probe (Chrono Boost)  
  14  0:38  Assimilator  
  14  0:42  Probe (Chrono Boost)  
  15  0:47  Assimilator  
  15  0:53  Probe (Chrono Boost)  
  16  1:03  Probe (Chrono Boost)  
  17  1:14  Probe (Chrono Boost)  
  17  1:15  Cybernetics Core  
  18  1:24  Probe (Chrono Boost)  
  19  1:35  Probe (Chrono Boost)  
  19  1:39  Pylon  
  20  1:46  Probe (Chrono Boost)  
  21  1:57  Stargate  
  21  1:58  Warp Gate (Chrono Boost)  
  21  2:04  Probe  
  22  2:09  Stalker  
  24  2:16  Probe  
  24  2:19  Pylon  
  25  2:39  Stalker  
  25  2:40  Oracle (Chrono Boost)  
  30  2:46  Gateway  
  30  2:55  Gateway  
  30  3:06  Gateway  
  30  3:15  Oracle (Chrono Boost)  
  32  3:43  Pylon  
  32  3:56  Stalker x3  
  38  4:13  Stalker  
  40  4:19  Stalker x3  
  46  4:31  Pylon  
  39  4:47  Stalker  
  39  4:48  Stalker  
  31  5:03  Stalker x2  
  32  5:12  Oracle (Chrono Boost)  
  33  5:23  Adept x2  
  37  5:30  Stalker  
  39  5:43  Stalker  
  37  6:04  Twilight Council  
  37  6:08  Adept x2  
  37  6:23  Pylon  
Show
View Real Time Build Order
Export as new Build Order

PartinG Protoss - Winner!

Build Orders: Nexus First 

Get SALT Encoding   

  12  0:00  Probe (Chrono Boost)  
  13  0:11  Probe (Chrono Boost)  
  14  0:17  Pylon  
  14  0:22  Probe (Chrono Boost)  
  16  0:35  Probe (Chrono Boost)  
  16  0:46  Probe (Chrono Boost)  
  17  0:56  Nexus  
  17  1:06  Gateway  
  17  1:10  Probe (Chrono Boost)  
  18  1:15  Assimilator  
  18  1:20  Probe (Chrono Boost)  
  18  1:23  Assimilator  
  19  1:31  Probe (Chrono Boost)  
  20  1:42  Probe (Chrono Boost)  
  21  1:52  Probe (Chrono Boost)  
  21  1:53  Cybernetics Core  
  22  1:56  Pylon  
  22  2:03  Probe (Chrono Boost)  
  23  2:09  Probe (Chrono Boost)  
  23  2:13  Probe (Chrono Boost)  
  25  2:17  Gateway  
  25  2:20  Probe (Chrono Boost)  
  25  2:21  Warp Gate (Chrono Boost)  
  26  2:23  Probe (Chrono Boost)  
  27  2:30  Stalker (Chrono Boost)  
  27  2:34  Mothership Core  
  31  2:42  Pylon  
  31  2:53  Robotics Facility  
  31  3:01  Stalker (Chrono Boost)  
  33  3:05  Stalker (Chrono Boost)  
  35  3:13  Pylon  
  32  3:33  Probe  
  32  3:38  Pylon  
  32  3:42  Observer  
  32  3:43  Stalker (Chrono Boost)  
  32  3:47  Stalker (Chrono Boost)  
  36  3:50  Probe x2  
  36  3:51  Pylon  
  38  3:57  Pylon  
  34  4:22  Stalker x2  
  36  4:43  Stalker  
  36  4:47  Stalker  
  33  5:05  Probe  
  33  5:06  Stalker  
  35  5:10  Stalker  
  37  5:19  Probe x2  
  39  5:30  Stalker x2  
  39  5:33  Probe x2  
  45  5:48  Pylon  
  45  5:53  Stalker x2  
  45  5:55  Probe  
  48  6:04  Pylon  
  48  6:13  Probe x2 (Chrono Boost)  
  54  6:30  Pylon  

Tags
 
Add a new tag
Caveats
  • Supply blocks, unpowered buildings, or Contaminate may cause inaccurate times.
  • Supply counts are checked every 10 seconds.